Map: Altitude LE

Players

A.I. 1 (Very Easy)

  • Race: Zerg Zerg
  • Spawn Location: 7:00

Bob - Winner!

  • Race: Protoss Protoss
  • Spawn Location: 1:00

VOD

Have the link to the VOD?

Description

Time

  • Played on: June 25, 2023, 7:38 a.m.
  • Length: 8:46
Show
View Real Time Build Order
Export as new Build Order

A.I. 1 (Very Easy) Zerg 

Build Orders: Pool First 

Get SALT Encoding   

  12  0:01  Drone  
  13  0:12  Overlord  
  13  0:17  Drone  
  14  0:36  Spawning Pool  
  14  0:38  Extractor  
  14  0:39  Drone  
  13  0:46  Drone  
  14  0:51  Overlord  
  14  1:23  Zergling x2  
  15  1:26  Queen  
  15  1:31  Roach Warren  
  15  1:32  Extractor  
  15  1:37  Drone  
  16  1:43  Zergling x2  
  16  1:44  Drone  
  18  1:58  Drone  
  19  2:03  Zergling x2  
  20  2:09  Drone  
  21  2:20  Drone  
  22  2:30  Drone  
  22  2:32  Overlord  
  23  2:37  Drone  
  24  2:45  Drone  
  25  5:58  Roach  
  25  5:59  Lair, Overlord, Drone  
  28  6:06  Drone  
  29  6:13  Drone  
  30  6:20  Drone  
  31  6:27  Drone  
  31  6:34  Drone  
  31  6:38  Roach  
  32  6:56  Overseer  
  32  6:59  Overseer  
  32  7:18  Roach  
  34  7:34  Hatchery  
  33  7:58  Zergling x2  
  28  8:14  Overlord  
  25  8:22  Overlord  
  12  8:27  Zergling x2  
  12  8:30  Drone  
Show
View Real Time Build Order
Export as new Build Order

Bob Protoss - Winner!

Build Orders: 1 Gate Expand, Zealot Archon 

Get SALT Encoding   

  12  0:01  Probe  
  13  0:13  Probe  
  14  0:20  Pylon  
  14  0:26  Probe  
  15  0:38  Probe  
  15  0:41  Gateway  
  16  0:50  Probe  
  16  0:52  Assimilator  
  17  1:02  Probe  
  18  1:14  Probe  
  19  1:25  Nexus  
  19  1:29  Probe  
  20  1:41  Probe  
  20  1:44  Cybernetics Core  
  21  1:53  Probe  
  22  1:55  Assimilator  
  22  2:05  Probe  
  23  2:11  Pylon  
  23  2:29  Probe, Stalker  
  26  2:41  Probe  
  27  2:54  Probe  
  28  3:00  Robotics Facility  
  28  3:03  Probe  
  29  3:06  Probe  
  30  3:15  Probe  
  30  3:18  Probe  
  32  3:27  Probe  
  32  3:30  Probe  
  32  3:31  Gateway  
  32  3:32  Gateway  
  34  3:39  Warp Gate (Chrono Boost)  
  34  3:48  Pylon  
  34  3:49  Immortal  
  38  4:02  Twilight Council  
  38  4:13  Probe x2  
  40  4:18  Assimilator  
  40  4:20  Assimilator  
  40  4:25  Probe x2  
  42  4:36  Stalker  
  42  4:37  Probe x2  
  46  4:49  Probe x2  
  48  4:54  Observer  
  49  5:01  Probe x2  
  49  5:06  Stalker  
  53  5:13  Probe  
  54  5:16  Pylon  
  54  5:18  Pylon  
  54  5:19  Gateway  
  54  5:20  Gateway  
  54  5:22  Gateway  
  54  5:23  Gateway  
  54  5:27  Pylon  
  54  5:29  Pylon  
  54  5:31  Pylon  
  54  5:34  Warp Prism, Probe  
  54  5:35  Pylon  
  57  5:38  Pylon  
  57  5:40  Pylon  
  57  6:00  Templar Archives  
  57  7:11  High Templar x2  
  57  7:12  High Templar x5  
  71  7:16  Archon x3  
  71  8:08  Zealot x2  
  71  8:09  Zealot x2  
  71  8:10  Zealot x3  
Tags
 
Add a new tag
Caveats
  • Supply blocks, unpowered buildings, or Contaminate may cause inaccurate times.
  • Supply counts are checked every 10 seconds.